 Dungeon Crawl Stone Soup version 0.29-a0-410-g9596d59a08 (webtiles) character file.

Game seed: 6254632133057904510

10582 Bruhh the Cleaver (level 11, -3/102 HPs)
             Began as a Hill Orc Fighter on May 14, 2022.
             Was a Priest of Zin.
             Incinerated by a smoke demon (6 damage)
             ... with a sticky flame
             ... on level 11 of the Dungeon.
             The game lasted 00:31:52 (16571 turns).

Bruhh the Cleaver (Hill Orc Fighter)               Turns: 16571, Time: 00:31:52

Health: -3/102     AC:  3    Str: 27      XL:     11   Next: 64%
Magic:  17/19      EV:  4    Int: 11      God:    Zin [***...]
Gold:   170        SH: 11    Dex:  9 (13) Spells: 10/10 levels left

rFire   . . .      SeeInvis .   a - +0 war axe (vorpal)
rCold   . . .      Faith    .   v - +0 tower shield
rNeg    + . .      Spirit   .   d - +0 plate armour
rPois   ∞          Reflect  .   L - +0 hat {Will+}
rElec   .          Harm     .   (no cloak)
rCorr   .          Rampage  .   (no gloves)
Will    +....                   (no boots)
Stlth   ..........              Q - amulet of regeneration
HPRegen 1.07/turn               H - +4 ring of protection
MPRegen 0.16/turn               E - ring of positive energy

@: on fire, vitalised, reciting, corroded, glowing
A: wild magic 1
a: Renounce Religion, Recite, Vitalisation, Imprison, Donate Gold


You were on level 11 of the Dungeon.
You worshipped Zin.
Zin was most pleased with you.
You visited 2 branches of the dungeon, and saw 13 of its levels.

You collected 614 gold pieces.
You donated 444 gold pieces to Zin.

Inventory:

Hand Weapons
 a - a +0 vorpal war axe (weapon)
 x - a +0 battleaxe
Missiles
 j - 25 poisoned darts
 C - 3 throwing nets
 I - 13 boomerangs of dispersal (quivered)
Armour
 b - a +0 scale mail
 c - a +0 buckler
 d - a +0 plate armour (worn)
 v - a +0 tower shield (worn)
 L - a +0 hat of willpower (worn)
Jewellery
 m - a +6 ring of intelligence
 q - a ring of protection from cold
 A - an amulet of magic regeneration
 E - a ring of positive energy (right hand)
 H - a +4 ring of protection (left hand)
 Q - an amulet of regeneration (around neck)
Wands
 y - a wand of flame (23)
 N - a wand of paralysis (5)
Scrolls
 e - 2 scrolls of fog
 f - a scroll of torment
 h - 2 scrolls of magic mapping
 p - 4 scrolls of teleportation
 u - 3 scrolls of blinking
 w - a scroll of silence
 z - 2 scrolls of amnesia
 D - 2 scrolls of poison
 J - a scroll of immolation
 K - a scroll of identify
 M - 2 scrolls of noise
Potions
 g - 2 potions of ambrosia
 i - 5 potions of degeneration
 k - 3 potions of mutation
 l - 5 potions of curing
 n - a potion of heal wounds
 r - 2 potions of magic
 t - 4 potions of brilliance
 B - 3 potions of lignification
 F - a potion of berserk rage
 G - 2 potions of attraction
 O - a potion of resistance {unknown}
 P - a potion of might
 R - a potion of cancellation {unknown}


   Skills:
 - Level 11.0 Fighting
 - Level 12.0 Axes
 + Level 11.2 Armour
 + Level 4.1 Shields
 - Level 11.0 Invocations


You had 10 spell levels left.
You didn't know any spells.
Your spell library contained the following spells:

 Spells                   Type           Power      Damage    Failure   Level
 Freeze                   Ice            0%         1d3       100%        1
 Shock                    Conj/Air       0%         1d3       100%        1
 Slow                     Hex            0%         N/A       100%        1
 Blink                    Tloc           0%         N/A       100%        2
 Static Discharge         Conj/Air       0%         N/A       100%        2
 Sublimation of Blood     Necr           0%         N/A       100%        2
 Frozen Ramparts          Ice            0%         1d2       100%        3
 Gell's Gravitas          Tloc           0%         N/A       100%        3
 Inner Flame              Hex/Fire       0%         N/A       100%        3
 Lesser Beckoning         Tloc           0%         N/A       100%        3
 Summon Guardian Golem    Hex/Summ       0%         N/A       100%        3
 Swiftness                Air            0%         N/A       100%        3
 Teleport Other           Tloc           0%         N/A       100%        3
 Airstrike                Air            0%         N/A       100%        4
 Cause Fear               Hex            0%         N/A       100%        4
 Hailstorm                Conj/Ice       0%         3d3       100%        4
 Petrify                  Tmut/Erth      0%         N/A       100%        4
 Irradiate                Conj/Tmut      0%         3d13      100%        5
 Lightning Bolt           Conj/Air       0%         1d11      100%        5
 Manifold Assault         Tloc           0%         N/A       100%        5
 Silence                  Hex/Air        0%         N/A       100%        5
 Dispersal                Tloc           0%         N/A       100%        6
 Statue Form              Tmut/Erth      0%         N/A       100%        6
 Orb of Destruction       Conj           0%         9d5       100%        7
 Spellforged Servitor     Conj/Summ      0%         N/A       100%        7
 Storm Form               Tmut/Air       0%         N/A       100%        7
 Discord                  Hex            0%         N/A       100%        8
 Maxwell's Capacitive Co  Air            0%         ∞         100%        8


Dungeon Overview and Level Annotations

Branches:
Dungeon (12/15)            Temple (1/1) D:5
   Lair: D:8-11         Orc: D:9-12

Altars:
Ashenzari
Dithmenos
Hepliaklqana
Kikubaaqudgha
Makhleb
Okawaru
Ru
Sif Muna
Xom
Zin

Annotations:
D:5 Duvessa
D:11 Opifex's ghost, journeyman DsFi


Innate Abilities, Weirdness & Mutations

Your spells are a little harder to cast, but a little more powerful.


Message History

* * * LOW HITPOINT WARNING * * *
You feel clumsy.
The quasit claws you but does no damage. x2
Unknown command.
Aiming: Throw Flame
Press: ? - help, Shift-Dir - straight line, f/p - kobold demonologist
Aim: a kobold demonologist, wielding a +0 dagger and wearing a +0 robe (almost dead, 56% to hit)
The puff of flame hits the kobold demonologist.
You kill the kobold demonologist!
The quasit disappears in a puff of smoke!
The rust devil disappears in a puff of smoke!
The quasit disappears in a puff of smoke!
The smoke demon gestures at you. The sticky flame hits you!
You are covered in liquid flames!
* * * LOW HITPOINT WARNING * * *
You block the kobold demonologist's attack.
You block the quasit's attack.
The quasit claws you but does no damage.
The quasit barely misses you.
Your Shields skill increases to level 4!
Unknown command.
Zin grants you divine stamina.
You are covered in liquid flames!
* * * LOW HITPOINT WARNING * * *
The quasit bites you but does no damage.
The quasit claws you.
* * * LOW HITPOINT WARNING * * *
You block the quasit's attack. The smoke demon barely misses you.
The smoke demon hits you.
* * * LOW HITPOINT WARNING * * *
The smoke demon hits you.
* * * LOW HITPOINT WARNING * * *
The kobold demonologist hits you with a +0 dagger.
* * * LOW HITPOINT WARNING * * *
Activating: Recite (0% risk of failure)
Press: ? - help, Dir - look around, f - activate You clear your throat and prepare to recite.
You are covered in liquid flames!
You die...

#####..####.#.# #####.
#........##.#.# #..^#.
#........##.#D###...#.
#...[....##.#.#.'...'.
#........##.#.#.#...#.
#........# .#.#.######
#..555...##.#.D.......
#..533K..##.###.######
#..55@55.##.# #.#
#####.5####.# #.# #..#
#.# #.# #..# #.#
#.###### #..#
#.###.......
#..####.....######
#......####.# #.####.#
#.# #.# #.# #.#


You could see a kobold demonologist, a smoke demon (summoned), a ynoxinul
(summoned), a quasit (summoned), a shadow imp (summoned) and 7 ufetubi.

Vanquished Creatures
  Gastronok (D:8)
  4 two-headed ogres
  2 kobold demonologists
  Psyche (D:8)
  A komodo dragon (D:7)
  2 trolls (D:10)
  A shadow (D:10)
  2 wyverns
  3 wraiths
  5 yaks (D:10)
  A steam dragon (D:7)
  Grum (D:8)
  An acid dragon (D:10)
  4 orc warriors
  An ice beast (D:6)
  An ogre (D:6)
  A black bear (D:8)
  3 wolves
  3 centaurs
  A phantom (D:5)
  6 kobold brigands
  A gnoll sergeant (D:7)
  6 bullfrogs
  A necrophage (D:7)
  2 scorpions
  12 killer bees
  An electric eel (D:6)
  2 hounds
  2 jellies
  8 orc priests
  5 iguanas
  6 orc wizards
  6 gnolls
  7 adders
  A white imp (D:7)
  2 worms (D:3)
  3 dart slugs
  45 orcs
  11 ball pythons
  12 endoplasms
  2 giant cockroaches
  10 hobgoblins
  A quokka (D:4)
  5 bats
  6 goblins
  21 kobolds
  3 rats
226 creatures vanquished.

Notes
Turn   | Place    | Note
-------+----------+-------------------------------------------
     0 | D:1      | Bruhh the Hill Orc Fighter began the quest for the Orb.
     0 | D:1      | Reached XP level 1. HP: 19/19 MP: 1/1
    69 | D:1      | Reached skill level 3 in Axes
   290 | D:1      | Reached XP level 2. HP: 25/26 MP: 2/2
   385 | D:1      | Reached skill level 4 in Axes
  1009 | D:1      | Reached XP level 3. HP: 17/31 MP: 3/3
  1263 | D:2      | Found a faded altar of an unknown god.
  1271 | D:2      | Reached skill level 5 in Axes
  1353 | D:2      | Found a shimmering altar of Xom.
  1586 | D:2      | Reached XP level 4. HP: 32/39 MP: 4/4
  2151 | D:3      | Reached skill level 6 in Axes
  2564 | D:3      | Reached skill level 7 in Axes
  2564 | D:3      | Reached XP level 5. HP: 36/45 MP: 5/5
  3611 | D:4      | Noticed a wyvern
  3621 | D:4      | HP: 2/45 [wyvern (1)]
  3622 | D:4      | Killed a wyvern
  3623 | D:4      | Reached skill level 9 in Axes
  3623 | D:4      | Reached XP level 6. HP: 3/51 MP: 6/6
  4333 | D:4      | Reached XP level 7. HP: 57/57 MP: 7/7
  4688 | D:5      | Entered Level 5 of the Dungeon
  4699 | D:5      | Reached skill level 10 in Axes
  5203 | D:5      | Reached skill level 5 in Fighting
  5324 | D:5      | Found a staircase to the Ecumenical Temple.
  5375 | Temple   | Entered the Ecumenical Temple
  5391 | Temple   | Became a worshipper of Zin the Law-Giver
  5391 | Temple   | Reached * piety under Zin
  5670 | D:5      | Noticed Duvessa
  5882 | D:6      | Noticed a wraith
  5888 | D:6      | Killed a wraith
  5889 | D:6      | Reached XP level 8. HP: 28/73 MP: 8/8
  6525 | D:6      | Found a sacrificial altar of Ru.
  7162 | D:7      | Noticed a komodo dragon
  7169 | D:7      | Gained mutation: Your spells are a little harder to cast,
                  | but a little more powerful. [potion of mutation]
  7582 | D:7      | Reached skill level 10 in Fighting
  7582 | D:7      | Reached skill level 1 in Invocations
  7728 | D:7      | Reached XP level 9. HP: 68/86 MP: 9/11
  8677 | D:7      | Got the Handbook of Ensnaring Stones
  8773 | D:7      | Killed a komodo dragon
  8774 | D:7      | Reached skill level 5 in Invocations
  8881 | D:8      | Donated 148 gold pieces to Zin
  8882 | D:8      | Noticed a two-headed ogre
  9136 | D:8      | Reached ** piety under Zin
  9157 | D:8      | Killed a two-headed ogre
  9551 | D:8      | Noticed Grum
  9581 | D:7      | Reached XP level 10. HP: 32/95 MP: 15/15
 10132 | D:8      | Donated 84 gold pieces to Zin
 10366 | D:8      | Killed Grum
 10691 | D:8      | Noticed Gastronok
 10694 | D:8      | Noticed Psyche
 11386 | D:8      | Killed Psyche
 11523 | D:8      | Killed Gastronok
 11524 | D:8      | Reached skill level 10 in Invocations
 12221 | D:9      | Noticed a two-headed ogre
 12242 | D:9      | Killed a two-headed ogre
 12807 | D:9      | Reached *** piety under Zin
 12958 | D:9      | Reached XP level 11. HP: 79/102 MP: 19/19
 13170 | D:10     | Entered Level 10 of the Dungeon
 13210 | D:10     | Reached skill level 10 in Armour
 13613 | D:10     | Noticed a two-headed ogre
 13619 | D:10     | Killed a two-headed ogre
 13620 | D:10     | Reached skill level 11 in Axes
 14383 | D:10     | Noticed a two-headed ogre
 14390 | D:10     | Killed a two-headed ogre
 15155 | D:10     | Reached skill level 12 in Axes
 15463 | D:11     | Noticed a five-headed hydra
 15463 | D:11     | Noticed a lich
 15463 | D:11     | Noticed Opifex's ghost (journeyman DsFi)
 15464 | D:11     | Noticed a skeletal warrior
 15465 | D:11     | Noticed a glowing orange brain
 15465 | D:11     | Noticed a necromancer
 15465 | D:11     | Noticed a flayed ghost
 15548 | D:11     | Donated 151 gold pieces to Zin
 16396 | D:11     | Noticed a six-headed hydra
 16570 | D:11     | HP: 5/102 [smoke demon[a kobold demonologist] (4)]
 16571 | D:11     | Incinerated by a smoke demon

Illustrated notes

Levels and vault maps discovered:
D:1:      minmay_arrival_open_corners, layout_loops_corners, minmay_tetromino_t2
D:2:      layout_loops_ring, basic_altar,
          shapermc_ecumenical_altar_starsandcircs
D:3:      layout_loops_cross, st_stairs_2
D:4:      layout_loops_corners
D:5:      layout_loops_ring, lemuel_temple_firewalk_b, kennysheep_small_spiral,
          minmay_stone_trees_large, st_stairs_9, uniq_sigmund, uniq_duvessa,
          uniq_edmund
D:6:      layout_gridville, mainiacjoe_overflow_catwalk, portal_sewer_entry_e,
          minivault_4
D:7:      layout_loops_corners, minmay_unpleasant_kobolds
D:8:      layout_rooms, serial_aquarium, aquarium_bridge_square
          [aquarium_subvault_window, aquarium_subvault_bridge,
          aquarium_subvault_bridge, aquarium_subvault_balcony],
          aquarium_window_1, aquarium_window_3, aquarium_view_2e,
          aquarium_view_2d, aquarium_balcony_double_3, aquarium_pool_S,
          uniq_grum, uniq_gastronok, uniq_psyche
D:9:      layout_loops_ring, eino_small_chamber_without_monster
D:10:     layout_irregular_city, blue_anna_alchemist
D:11:     layout_basic, erik_lair_island, hiddenorc1_lemuel,
          muffindrake_ghost_dual_entry, vehumet_crystals
D:12:     layout_basic, serial_curves, eino_curves_04, eino_curves_01,
          nicolae_sif_muna_little_library
Temple:   nicolae_temple_the_god_donut

Skill      XL: |  1  2  3  4  5  6  7  8  9 10 11 |
---------------+----------------------------------+-----
Axes           | 3 4 5 7 9 10 12 | 12.0
Fighting       | 7 10 11 | 11.0
Invocations    | 2 7 11 | 11.0
Armour         | 6 9 11 | 11.2
Shields        | 4 |  4.1

Action                   |  1- 3 |  4- 6 |  7- 9 | 10-12 || total
-------------------------+-------+-------+-------+-------++-------
Melee: War axe           |    69 |   135 |       |    76 ||   280
       Battleaxe         |       |     2 |   248 |   213 ||   463
       Unarmed           |       |       |       |     2 ||     2
Throw: Dart              |       |     4 |       |       ||     4
       Boomerang         |       |       |     5 |       ||     5
Invok: Donate Gold       |       |       |     1 |     2 ||     3
       Vitalisation      |       |       |       |     5 ||     5
       Recite            |       |       |       |     3 ||     3
Evoke: Wand              |       |       |       |    15 ||    15
  Use: Potion            |       |     1 |     8 |     1 ||    10
       Scroll            |       |       |    15 |     9 ||    24
Armor: Scale mail        |    39 |    56 |       |       ||    95
       Plate armour      |       |     4 |   183 |   314 ||   501
       Skin              |       |       |       |     2 ||     2
Dodge: Dodged            |    37 |    38 |    72 |   143 ||   290
Block: Buckler           |     6 |    12 |       |       ||    18
       Tower shield      |       |    38 |       |    93 ||   131

Table legend: (Time is in decaauts)
 A = Elapsed time spent in this place.
 B = Non-inter-level travel time spent in this place.
 C = Inter-level travel time spent in this place.
 D = Time resting spent in this place.
 E = Time spent auto-exploring this place.
 F = Levels seen in this place.
 G = Mean time per level.
                   A        B        C        D        E       F      G
               +--------+--------+--------+--------+--------+-----+--------+
         Total |  16786 |  16268 |    518 |   2365 |  11635 |  13 | 1291.2 |
       Dungeon |  16757 |  16250 |    507 |   2365 |  11627 |  12 | 1396.4 |
        Temple |     28 |     17 |     11 |      0 |      8 |   1 |   28.0 |
               +--------+--------+--------+--------+--------+-----+--------+

Top non-repeatable levels by time:
     D:7: 3017 daAuts
    D:10: 2788 daAuts
     D:4: 1969 daAuts
     D:8: 1866 daAuts
     D:6: 1422 daAuts
     D:1: 1262 daAuts
     D:9: 1232 daAuts
     D:3: 874 daAuts
     D:2: 826 daAuts
     D:5: 807 daAuts
    D:11: 600 daAuts
    D:12: 89 daAuts
  Temple: 28 daAuts
